 Dungeon Crawl Stone Soup version 0.27-a0-1202-ge72e49191c (webtiles) character file.

Game seed: 17908648856482374342

29394 lunkers the Thaumaturge (level 13, -3/102 HPs)
             Began as a Djinni Earth Elementalist on June 2, 2021.
             Was an Elder of Makhleb.
             Slain by a blink frog (9 damage)
             ... on level 4 of the Lair of Beasts.
             The game lasted 00:23:14 (20529 turns).

lunkers the Thaumaturge (DjEE)                     Turns: 20529, Time: 00:23:15

Health: -3/102     AC: 10    Str:  7    XL:     13   Next: 80%
Gold:   786        EV: 12    Int: 26    God:    Makhleb [****..] SH:  5 Dex: 11

rFire    + + .     SeeInvis .   C - staff of conjuration
rCold    . . .     Faith    .   (no shield)
rNeg     . . .     Spirit   .   I - +1 steam dragon scales
rPois    ∞         Reflect  +   y - +0 helmet
rElec    .         Harm     .   L - +2 cloak {rPois}
rCorr    .         Rampage  .   (no gloves)
Will     +....                  (boots unavailable)
Stlth    ++........             c - amulet "Emekluz" {Reflect rC+ Regen+ Dex-5 SH+5}
HPRegen  1.27/turn              f - ring of wizardry
MPRegen  0.00/turn              r - +6 ring of intelligence

@: flying
A: sickness immunity, fire resistance 2, cold vulnerability 1, float, innate
caster, hp casting, extra vitality 1
a: Renounce Religion, Minor Destruction, Lesser Servant of Makhleb, Major
Destruction


You were on level 4 of the Lair of Beasts.
You worshipped Makhleb.
Makhleb was greatly pleased with you.
You visited 3 branches of the dungeon, and saw 15 of its levels.
You also visited: Ossuary and Bailey.

You collected 1008 gold pieces.
You spent 222 gold pieces at shops.

Inventory:

Hand Weapons
 h - a +1 vampiric short sword
 q - a +3 whip of electrocution
Missiles
 b - 465 stones
 P - 3 throwing nets
 S - 9 curare-tipped darts
Armour
 y - a +0 helmet (worn)
 I - +1 steam dragon scales (worn)
 L - a +2 cloak of poison resistance (worn)
Magical Staves
 C - a staff of conjuration (weapon)
Jewellery
 c - the amulet "Emekluz" (around neck) {Reflect rC+ Regen+ Dex-5 SH+5}
   (You found it on level 8 of the Dungeon)

   [amulet of reflection]

   It reflects blocked missile attacks.
   It affects your dexterity (-5).
   It protects you from cold.
   It increases your rate of health regeneration.
   It affects your SH (+5).
 f - a ring of wizardry (left hand)
 j - a ring of resist corrosion
 r - a +6 ring of intelligence (right hand)
 s - a ring of wizardry
 w - a +6 ring of strength
 H - a +6 ring of dexterity
 N - a ring of see invisible
 R - a ring of positive energy
Wands
 o - a wand of mindburst (16)
 B - a wand of flame (67)
 J - a wand of iceblast (18)
 M - a wand of paralysis (7)
Scrolls
 d - 3 scrolls of teleportation
 l - 3 scrolls of immolation
 m - 4 scrolls of magic mapping
 D - a scroll of summoning
 G - 4 scrolls of enchant weapon
 Q - 2 scrolls of enchant armour
Potions
 a - 2 potions of ambrosia
 e - 11 potions of curing
 g - 6 potions of attraction
 i - a potion of magic
 k - 4 potions of flight
 n - 3 potions of berserk rage
 p - a potion of haste {unknown}
 u - 3 potions of heal wounds
 x - 4 potions of lignification
 E - a potion of cancellation {unknown}
 K - 2 potions of might
Miscellaneous
 t - a condenser vane
 v - a phial of floods


   Skills:
 + Level 12.7 Fighting
 - Level 2.1 Dodging
 - Level 1.5 Stealth
 * Level 14.0 Spellcasting


You had 7 spell levels left.
You knew the following spells:

 Your Spells              Type           Power      Damage    Failure   Level
a - Stone Arrow           Conj/Erth      100%       3d13      1%          3
b - Passwall              Tmut/Erth      61%        N/A       0%          2
c - Sandblast             Erth           100%       2d20      0%          1
d - Petrify               Tmut/Erth      74%        N/A       1%          4
e - Lee's Rapid Deconstr  Erth           37%        3d19*     1%          5
f - Foxfire               Conj/Fire      100%       2x1d9     0%          1
g - Ensorcelled Hibernat  Hex/Ice        100%       N/A       0%          2
h - Corpse Rot            Necr/Air       N/A        N/A       0%          2
i - Summon Lightning Spi  Summ/Air       74%        N/A       1%          4
j - Hailstorm             Conj/Ice       94%        3d19      1%          4
k - Silence               Hex/Air        37%        N/A       1%          5
Your spell library was empty.

Dungeon Overview and Level Annotations

Branches:
Dungeon (9/15)             Temple (1/1) D:7            Lair (5/6) D:8
 Shoals (0/4) Lair:3       Spider (0/4) Lair:2      Ossuary (visited)
 Bailey (visited)
  Slime: Lair:5-6       Orc: D:9-12

Altars:
Dithmenos
Fedhas
Gozag
Makhleb
Qazlal
Sif Muna
Vehumet
Wu Jian
Xom
Zin

Shops:
D:7 *


Innate Abilities, Weirdness & Mutations

You are immune to sickness and miasma.
You are immune to poison.
Your flesh is very heat resistant. (rF++)
You are vulnerable to cold. (rC-)
You float through the air rather than walking.
You learn spells naturally, not from books.
Your magical power is your life essence.
You have superior vitality. (+4 HP)


Message History

Confirm with . or Enter, or press ? or * to list all spells.
Aiming: Stone Arrow (safe; 1% risk of failure)
Press: ? - help, Shift-Dir - straight line, f - blink frog
Aim: a blink frog (moderately wounded, 61% to hit)
You feel a surge of power!
The stone arrow misses the blink frog.
* * * LOW HITPOINT WARNING * * *
Unknown command.
Unknown command.
Casting: Stone Arrow (safe; 1% risk of failure)
Confirm with . or Enter, or press ? or * to list all spells.
Aiming: Stone Arrow (safe; 1% risk of failure)
Press: ? - help, Shift-Dir - straight line, f/p - blink frog
Aim: a blink frog (moderately wounded, 61% to hit)
You feel a surge of power!
The stone arrow misses the blink frog.
* * * LOW HITPOINT WARNING * * *
The blink frog closely misses you. The blink frog hits you!
* * * LOW HITPOINT WARNING * * *
Unknown command.
Casting: Stone Arrow (safe; 1% risk of failure)
Confirm with . or Enter, or press ? or * to list all spells.
Aiming: Stone Arrow (safe; 1% risk of failure)
Press: ? - help, Shift-Dir - straight line, f/p - blink frog
Aim: a blink frog (moderately wounded, 61% to hit)
You feel a surge of power!
The stone arrow hits the blink frog.
The blink frog is heavily wounded.
* * * LOW HITPOINT WARNING * * *
The blink frog hits you!
* * * LOW HITPOINT WARNING * * *
Unknown command.
Unknown command.
Casting: Stone Arrow (safe; 1% risk of failure)
Confirm with . or Enter, or press ? or * to list all spells.
Aiming: Sandblast (safe; 0% risk of failure)
Press: ? - help, Shift-Dir - straight line, f/p - blink frog
Aim: a blink frog (heavily wounded, 71% to hit)
The blast of sand hits the blink frog!
The blink frog is severely wounded.
* * * LOW HITPOINT WARNING * * *
The blink frog barely misses you. The blink frog hits you!
You die...

.................................
.................................
.......................##........
......................###........
.................................
.................................
.....^...........................
.................................
.##............F@†...............
..##...........#..>..............
<..............#.................
.........##.....##...............
.................#..........P#...
......................#.........P
...................##.......#....
....#P......P.......#..#...P.....
..................####.......P...


You could see a blink frog.

Vanquished Creatures
  2 manticores
  8 elephants
  5 black mambas
  2 centaur zombies
  2 torpor snails
  10 cane toads
  2 rime drakes (Lair:4)
  8 komodo dragons
  Psyche (D:8)
  2 polar bears
  Prince Ribbit (D:8)
  A wind drake (Lair:3)
  17 blink frogs
  3 dream sheep
  4 wyverns
  A wraith (D:9)
  28 yaks
  Eustachio (D:5)
  A shadow (D:9)
  A basilisk (Lair:4)
  2 steam dragons (D:7)
  Duvessa (D:7)
  8 water moccasins
  2 ice beasts
  12 orc warriors
  A black bear (D:6)
  12 wolves
  3 ogres
  11 centaurs
  15 bullfrogs
  7 scorpions
  A gnoll sergeant (D:8)
  Dowan (D:7)
  3 water moccasin zombies (Ossuary)
  A water moccasin skeleton (D:6)
  5 killer bees (D:9)
  2 electric eels (Lair:1)
  8 hounds
  A jelly (D:6)
  A gnoll shaman (D:8)
  5 orc priests
  A bullfrog skeleton (D:6)
  An iguana (D:5)
  2 orc wizards
  7 hell rats
  A killer bee zombie (D:6)
  A howler monkey zombie (D:9)
  2 mummies (Ossuary)
  20 gnolls
  2 howler monkey skeletons (D:7)
  19 adders
  A shadow imp (D:6)
  7 white imps
  An ufetubus (D:5)
  6 adder zombies (Ossuary)
  An adder skeleton (D:4)
  A worm (D:2)
  3 dart slugs
  45 orcs
  14 ball pythons
  13 bats
  5 endoplasms
  A giant cockroach (D:1)
  16 goblins
  11 hobgoblins
  20 jackals
  3 quokkas
  3 frilled lizards
  2 gnoll zombies (Ossuary)
  3 hobgoblin zombies (Ossuary)
  9 kobolds
  6 kobold zombies (Ossuary)
  3 orc zombies (Ossuary)
  7 rats
439 creatures vanquished.

Vanquished Creatures (others)
  A howler monkey (D:6)
  An ufetubus (D:6)
  37 fungi
  27 plants
66 creatures vanquished.

Grand Total: 505 creatures vanquished

Notes
Turn   | Place    | Note
-------+----------+-------------------------------------------
     0 | D:1      | lunkers the Djinni Earth Elementalist began the quest for
                  | the Orb.
     0 | D:1      | Reached XP level 1. HP: 15/15 MP: 0/0
   143 | D:1      | Reached XP level 2. HP: 19/22 MP: 0/0
   610 | D:1      | Reached skill level 1 in Fighting
   719 | D:1      | Reached XP level 3. HP: 21/27 MP: 0/0
   719 | D:1      | Learned a level 1 spell: Foxfire
   723 | D:1      | Reached skill level 3 in Spellcasting
  1449 | D:2      | Reached XP level 4. HP: 31/32 MP: 0/0
  1892 | D:2      | Reached XP level 5. HP: 35/38 MP: 0/0
  1892 | D:2      | Learned a level 2 spell: Ensorcelled Hibernation
  3159 | D:3      | Found a stormy altar of Qazlal.
  3359 | D:3      | Reached skill level 4 in Spellcasting
  3957 | D:3      | Found a faded altar of an unknown god.
  4122 | D:3      | Reached XP level 6. HP: 39/45 MP: 0/0
  4884 | D:4      | Found an ornate altar of the Wu Jian Council.
  5088 | D:5      | Entered Level 5 of the Dungeon
  5170 | D:5      | Noticed an ogre
  5174 | D:5      | Killed an ogre
  5175 | D:5      | Reached XP level 7. HP: 44/50 MP: 0/0
  5175 | D:5      | Learned a level 2 spell: Corpse Rot
  5238 | D:5      | Found a sand-covered staircase.
  5252 | Ossuary  | Entered an ossuary
  5467 | Ossuary  | Reached skill level 5 in Spellcasting
  6449 | D:5      | Found a glowing silver altar of Zin.
  6478 | D:5      | Reached XP level 8. HP: 49/58 MP: 0/0
  6594 | D:5      | Noticed Eustachio
  6600 | D:5      | Killed Eustachio
  6601 | D:5      | Reached skill level 6 in Spellcasting
  6959 | D:6      | Reached skill level 5 in Fighting
  7455 | D:6      | Reached skill level 7 in Spellcasting
  7455 | D:6      | Reached XP level 9. HP: 57/66 MP: 0/0
  7455 | D:6      | Learned a level 4 spell: Summon Lightning Spire
  7649 | D:6      | Found a shimmering altar of Xom.
  8394 | D:7      | Found a staircase to the Ecumenical Temple.
  8440 | Temple   | Entered the Ecumenical Temple
  8453 | Temple   | Became a worshipper of Makhleb the Destroyer
  8492 | D:7      | Found a flagged portal.
  8501 | Bailey   | Entered a bailey
  8810 | Bailey   | Reached skill level 8 in Spellcasting
  9522 | Bailey   | Reached * piety under Makhleb
  9526 | Bailey   | Reached XP level 10. HP: 60/75 MP: 0/0
  9991 | Bailey   | Reached skill level 9 in Spellcasting
 11436 | D:7      | Found Iweyd's Serpentskin Sales.
 11538 | D:7      | Noticed Dowan
 11551 | D:7      | Noticed Duvessa
 11554 | D:7      | Killed Duvessa
 11557 | D:7      | Killed Dowan
 11561 | D:7      | Bought a +2 cloak of poison resistance for 222 gold pieces
 11936 | D:8      | Identified the amulet "Emekluz" {Reflect rC+ Regen+ Dex-5
                  | SH+5}
 11947 | D:8      | Reached ** piety under Makhleb
 11976 | D:8      | Noticed a manticore
 11980 | D:8      | Killed a manticore
 11981 | D:8      | Reached skill level 10 in Spellcasting
 12249 | D:8      | Noticed Prince Ribbit
 12255 | D:8      | Killed Prince Ribbit
 12293 | D:8      | Noticed Psyche
 12298 | D:8      | Killed Psyche
 12299 | D:8      | Reached XP level 11. HP: 81/84 MP: 0/0
 12299 | D:8      | Learned a level 4 spell: Hailstorm
 12317 | D:8      | Noticed a two-headed ogre
 13556 | D:8      | Found a staircase to the Lair.
 14224 | D:9      | Reached skill level 11 in Spellcasting
 14238 | D:9      | Found a shadowy altar of Dithmenos.
 14409 | D:9      | Reached *** piety under Makhleb
 14865 | D:9      | Reached skill level 10 in Fighting
 15017 | Lair:1   | Entered Level 1 of the Lair of Beasts
 15276 | Lair:1   | Reached XP level 12. HP: 59/92 MP: 0/0
 15843 | Lair:1   | Reached skill level 12 in Spellcasting
 16604 | Lair:1   | You are sucked into a shaft and drop 1 floor!
 16877 | Lair:2   | Reached **** piety under Makhleb
 17065 | Lair:2   | Found a hole to the Spider Nest.
 18405 | Lair:3   | Found a staircase to the Shoals.
 18514 | Lair:3   | Reached XP level 13. HP: 99/100 MP: 0/0
 18514 | Lair:3   | Learned a level 5 spell: Silence
 18548 | Lair:3   | Reached skill level 13 in Spellcasting
 20523 | Lair:4   | Reached skill level 14 in Spellcasting
 20529 | Lair:4   | Slain by a blink frog

Illustrated notes

Levels and vault maps discovered:
D:1:      sevenhm_arrival_forest_fort_large_3, layout_basic, minmay_bisected
D:2:      layout_loops_corners, guppyfry_early_orc_mine
D:3:      layout_loops_corners, lemuel_tele_altar, old_standard_altar,
          shapermc_ecumenical_altar_hornbeckon, minmay_snake_closets
D:4:      layout_rooms, kennysheep_mini
D:5:      layout_cave_pools, old_standard_altar, nicolae_ossuary_entry_ruins,
          minmay_misc_feat_square, uniq_eustachio
D:6:      layout_cave_pods, xom_confusion_cloud
D:7:      layout_basic, minmay_temple_entry_statues_pillars, enter_bailey_3,
          nrook_mini_backslash, st_stairs_14, minivault_1, guppyfry_shop_venom,
          uniq_duvessa
D:8:      old_forge, layout_cave_pools, grunt_lair_entry_orc_guard_hut,
          serial_gnoll_camp, gnoll_camp_mini_loothouse,
          gnoll_camp_mini_doghouse, gnoll_camp_medium_02,
          gnoll_camp_mini_doghouse, uniq_psyche, uniq_prince_ribbit1
D:9:      layout_roguey, marbit_many_paths, kennysheep_doodads
Temple:   eino_temple_scatter_basement
Lair:1:   layout_long_grid, beast_lair_carwin_2, infiniplex_staircase_pool,
          serial_bayou_shore_a, grunt_megastairs_2
Lair:2:   layout_gridlike, dummy_spider_entry, hibernation_bobbens
Lair:3:   layout_misc_corridors, minmay_shoals_entry_beasts,
          chequers_serial_rivers_marsh
Lair:4:   nzn_winding_woodlands_three_and_one
          [nzn_winding_woodlands_5x15_garden, nzn_winding_woodlands_5x15_pool,
          nzn_winding_woodlands_5x15_crooked,
          nzn_winding_woodlands_center_lodge], layout_cave_shapes,
          lightli_volcano_entry_magma_tube, grunt_megastairs_3,
          lemuel_fruit_fields
Lair:5:   layout_hall_layers, dpeg_slime_entry_enclosed_altar,
          lemuel_old_faithful

Skill      XL: |  1  2  3  4  5  6  7  8  9 10 11 12 13 |
---------------+----------------------------------------+-----
Fighting       | 1 2 3 4 5 7 9 10 11 12 | 12.7
Spellcasting   | 3 4 5 7 8 10 11 12 14 | 14.0
Dodging        | |  2.1
Stealth        | |  1.5

Action                   |  1- 3 |  4- 6 |  7- 9 | 10-12 | 13-15 || total
-------------------------+-------+-------+-------+-------+-------++-------
Melee: Staff             |       |       |     1 |     4 |     3 ||     8
 Cast: Sandblast         |    46 |     9 |       |       |     5 ||    60
       Stone Arrow       |       |    88 |   155 |   334 |   146 ||   723
       Lee's Rapid Decon |       |       |       |     8 |     4 ||    12
  Use: Scroll            |       |       |     1 |    23 |     4 ||    28
Armor: Robe              |     1 |     3 |     5 |       |       ||     9
       Steam dragon scal |       |       |       |    47 |    34 ||    81
Dodge: Dodged            |     6 |     8 |    24 |    94 |    88 ||   220
Block: Other             |       |       |       |     4 |    33 ||    37

Table legend: (Time is in decaauts)
 A = Elapsed time spent in this place.
 B = Non-inter-level travel time spent in this place.
 C = Inter-level travel time spent in this place.
 D = Time resting spent in this place.
 E = Time spent auto-exploring this place.
 F = Levels seen in this place.
 G = Mean time per level.
                   A        B        C        D        E       F      G
               +--------+--------+--------+--------+--------+-----+--------+
         Total |  20550 |  20130 |    420 |   1490 |  16302 |  17 | 1208.8 |
       Dungeon |  12055 |  11756 |    299 |    370 |  10244 |   9 | 1339.4 |
        Temple |     22 |     22 |      0 |      0 |      9 |   1 |   22.0 |
          Lair |   5532 |   5411 |    121 |    296 |   4360 |   5 | 1106.4 |
       Ossuary |    946 |    946 |      0 |      0 |    884 |   1 |  946.0 |
        Bailey |   1993 |   1993 |      0 |    824 |    805 |   1 | 1993.0 |
               +--------+--------+--------+--------+--------+-----+--------+

Top non-repeatable levels by time:
  Lair:1: 2240 daAuts
     D:8: 2230 daAuts
  Bailey: 1993 daAuts
     D:3: 1733 daAuts
     D:2: 1666 daAuts
     D:7: 1536 daAuts
     D:6: 1348 daAuts
  Lair:4: 1175 daAuts
  Lair:3: 1086 daAuts
  Lair:2: 1015 daAuts
     D:9: 983 daAuts
     D:1: 956 daAuts
 Ossuary: 946 daAuts
     D:5: 870 daAuts
     D:4: 729 daAuts
